 Dungeon Crawl Stone Soup version 0.21.0 (webtiles) character file.

612 MDvedh the Cleaver (level 7, -12/61 HPs)
             Began as a Deep Dwarf Fighter on Jan 6, 2018.
             Was an Initiate of Makhleb.
             Mangled by a two-headed ogre
             ... wielding a +0 giant spiked club
              (14 damage)
             ... on level 5 of the Dungeon.
             The game lasted 00:04:53 (2325 turns).

MDvedh the Cleaver (Deep Dwarf Fighter)             Turns: 2325, Time: 00:04:53

Health: -12/61     AC: 13    Str: 26    XL:     7   Next: 20%
Magic:  4/4        EV:  4    Int:  9    God:    Makhleb [......]
Gold:   206        SH: 10    Dex: 12    Spells: 6/6 levels left

rFire    . . .     SeeInvis .   a - +0 war axe
rCold    . . .     Gourm    .   c - +0 shield
rNeg     . . .     Faith    .   n - +0 plate armour
rPois    .         Spirit   .   s - +0 helmet
rElec    .         Reflect  .   (no cloak)
rCorr    +         Harm     +   h - +0 pair of gloves
MR       +....     Rnd*Tele +   (no boots)
Stlth    ..........             p - amulet of harm
HPRegen  0.00/turn              b - ring of teleportation (curse)
MPRegen  0.09/turn              r - ring of resist corrosion

@: mighty, non-regenerating
A: damage resistance, heal wounds, sense surroundings 1, no regeneration
a: Heal Wounds, Renounce Religion


You were on level 5 of the Dungeon.
You worshipped Makhleb.
Makhleb was noncommittal.
You were very hungry.

You visited 2 branches of the dungeon, and saw 6 of its levels.

You collected 206 gold pieces.

Inventory:

Hand Weapons
 a - a +0 war axe (weapon)
Armour
 c - a +0 shield (worn)
 h - a +0 pair of gloves (worn)
 n - a +0 plate armour (worn)
 s - a +0 helmet (worn)
Jewellery
 b - a cursed ring of teleportation (left hand)
 p - an amulet of harm (around neck)
 r - a ring of resist corrosion (right hand)
 x - a +3 amulet of reflection {unknown}
 B - a +4 ring of dexterity {unknown}
 E - an uncursed ring of protection from fire {unknown}
Wands
 l - a wand of scattershot (6)
 u - a wand of random effects (13)
 y - a wand of acid (6)
Scrolls
 e - 2 scrolls of blinking {unknown}
 g - a scroll of remove curse {unknown}
 i - a scroll of magic mapping {unknown}
 j - a scroll of fear {unknown}
 k - a scroll of enchant weapon {unknown}
 o - 4 scrolls of teleportation {unknown}
 t - a scroll of fog {unknown}
 z - a scroll of amnesia {unknown}
 C - a scroll of enchant armour {unknown}
Potions
 d - 2 potions of might
 m - a potion of invisibility {unknown}
 q - a potion of heal wounds {unknown}
 v - a potion of flight {unknown}
 w - a potion of brilliance {unknown}
 A - a potion of curing
 D - a potion of haste {unknown}
Comestibles
 f - 8 rations


   Skills:
 - Level 2.6 Fighting
 + Level 8.8 Axes
 - Level 3.2 Armour
 - Level 3.2 Shields


You had 6 spell levels left.
You didn't know any spells.

Dungeon Overview and Level Annotations

Branches:
Dungeon (5/15)             Temple (1/1) D:4

Altars:
Ashenzari
Cheibriados
Dithmenos
Elyvilon
Fedhas
Gozag
Hepliaklqana
Kikubaaqudgha
Makhleb
Nemelex Xobeh
Okawaru
Qazlal
Ru
Sif Muna
Trog
Uskayaw
Vehumet
Wu Jian
Xom
Yredelemnul
Zin
The Shining One

Shops:
D:5 %


Innate Abilities, Weirdness & Mutations

You are resistant to damage.
You can heal yourself by infusing magical energy.
You passively map a small area around you.
You do not regenerate.


Message History

A two-headed ogre comes into view. It is wielding two giant spiked clubs.
The two-headed ogre shouts in stereo!
You hear a shout!
A two-headed ogre is nearby!
A two-headed ogre is nearby!
A two-headed ogre is nearby!
You feel very mighty all of a sudden.
You hit the two-headed ogre.
The two-headed ogre is lightly wounded.
The two-headed ogre hits you with a giant spiked club.
The two-headed ogre hits you with a giant spiked club!!
You slash the two-headed ogre!
The two-headed ogre is moderately wounded.
You block the two-headed ogre's attack.
The two-headed ogre hits you but does no damage.
You slice the two-headed ogre!!
The two-headed ogre is almost dead.
The two-headed ogre hits you with a giant spiked club!
* * * LOW HITPOINT WARNING * * *
The two-headed ogre hits you with a giant spiked club!
You die...

, #### ,.@... #. #..#
, .... *.. #.# ** ,,
...* #.* #.. , ..#
#.## ####.. , * * #..
#..###..... #%.##
#......... , #..O#
#......#.. * , ,*
#.@## #...###..#
#...## ##..## #..# , ,
#....####....##...#
.....##..........#..##
#...## ###...........#
##.#* ###..........
#.. #........... * *..
#..##.....## ..##
#.....


You could see a two-headed ogre and Eustachio (wandering).

Vanquished Creatures
  An ogre (D:4)
  The ghost of Phong the Stinger, an amateur OpVM (D:4)
  A scorpion (D:4)
  2 hounds
  An iguana (D:4)
  Ijyb (D:4)
  Jessica (D:3)
  Natasha (thrice) (D:2)
  Terence (D:2)
  2 orc wizards (D:4)
  2 worker ants (D:4)
  Robin (D:3)
  2 adders
  A worm (D:2)
  2 leopard geckos
  6 orcs
  2 ball pythons (D:2)
  A giant cockroach (D:3)
  23 goblins
  5 hobgoblins
  9 jackals
  9 kobolds
  A quokka (D:2)
  6 bats
  3 frilled lizards
  6 rats
93 creatures vanquished.

Vanquished Creatures (others)
  An orc (D:4)
  A goblin (D:4)
2 creatures vanquished.

Grand Total: 95 creatures vanquished

Notes
Turn   | Place    | Note
-------+----------+-------------------------------------------
     0 | D:1      | MDvedh the Deep Dwarf Fighter began the quest for the Orb.
     0 | D:1      | Reached XP level 1. HP: 20/20 MP: 1/1
   599 | D:2      | Reached skill level 3 in Axes
   599 | D:2      | Reached XP level 2. HP: 27/27 MP: 2/2
   604 | D:2      | Noticed Terence
   611 | D:2      | Killed Terence
   611 | D:2      | Reached skill level 4 in Axes
   611 | D:2      | Reached XP level 3. HP: 33/33 MP: 3/3
   660 | D:2      | Found a hazy altar of Hepliaklqana.
   702 | D:2      | Noticed Natasha
   707 | D:2      | Killed Natasha
   742 | D:2      | Reached XP level 4. HP: 33/40 MP: 4/4
   908 | D:2      | Reached skill level 5 in Axes
   917 | D:2      | Noticed Natasha
   931 | D:2      | Killed Natasha
   991 | D:2      | Noticed Natasha
  1008 | D:2      | Killed Natasha
  1095 | D:3      | Noticed Robin
  1107 | D:3      | Reached XP level 5. HP: 45/46 MP: 4/4
  1117 | D:3      | Killed Robin
  1117 | D:3      | Reached skill level 6 in Axes
  1395 | D:3      | Noticed Jessica
  1419 | D:3      | Killed Jessica
  1529 | D:4      | Noticed Ijyb
  1548 | D:4      | Killed Ijyb
  1548 | D:4      | Reached skill level 7 in Axes
  1548 | D:4      | Reached XP level 6. HP: 50/55 MP: 4/4
  1696 | D:4      | Noticed Phong's ghost (amateur OpVM)
  1707 | D:4      | Killed Phong's ghost
  1707 | D:4      | Reached skill level 8 in Axes
  1718 | D:4      | Reached XP level 7. HP: 45/61 MP: 4/4
  1730 | D:4      | Found a staircase to the Ecumenical Temple.
  1794 | Temple   | Entered the Ecumenical Temple
  1835 | Temple   | Became a worshipper of Makhleb the Destroyer
  2078 | D:5      | Entered Level 5 of the Dungeon
  2194 | D:5      | Found Puco's Food Shoppe.
  2259 | D:5      | Found a shattered altar of Ashenzari.
  2318 | D:5      | Noticed a two-headed ogre
  2325 | D:5      | HP: 2/61 [two-headed ogre/giant spiked club (17)]
  2325 | D:5      | Mangled by a two-headed ogre

Skill      XL: |  1  2  3  4  5  6 |
---------------+-------------------+-----
Axes           | 3 4 5 7 8 |  8.8
Fighting       | |  2.6
Armour         | |  3.2
Shields        | |  3.2

Action                   |  1- 3 |  4- 6 |  7- 9 || total
-------------------------+-------+-------+-------++-------
Melee: War axe           |    73 |   173 |    57 ||   303
 Abil: Heal Wounds       |       |     4 |       ||     4
  Use: Potion            |       |     1 |     1 ||     2
  Eat: Chunk             |       |     3 |     1 ||     4
Armor: Scale mail        |    56 |       |       ||    56
       Plate armour      |       |   119 |    45 ||   164
Dodge: Dodged            |    33 |    33 |     5 ||    71
Block: Shield            |    45 |   100 |    27 ||   172
